 Dungeon Crawl Stone Soup version 0.28.0-43-g3370ac3207 (webtiles) character file.

Game seed: 15645800257341378640

603275 joshe the Archmage (level 26, -19/134 HPs)
             Began as a Deep Elf Conjurer on Mar 26, 2022.
             Was the Champion of Vehumet.
             Blown up by a spellforged servitor (105 damage)
             ... with an orb of destruction
             ... summoned by the player character
             ... on level 2 of the Realm of Zot on Mar 28, 2022.
             The game lasted 15:56:16 (110245 turns).

joshe the Archmage (Deep Elf Conjurer)            Turns: 110245, Time: 15:56:18

Health: -19/134    AC: 18    Str:  4    XL:     26   Next: 2%
Magic:  20/56      EV: 16    Int: 45    God:    Vehumet [******]
Gold:   4304       SH: 26    Dex: 24    Spells: 17/79 levels left

rFire   + + .      SeeInvis .   c - staff of conjuration
rCold   + . .      Faith    .   G - +5 kite shield {AC+3}
rNeg    + . .      Spirit   .   O - quicksilver dragon scales
rPois   +          Reflect  +   i - -2 hat of the Alchemist {rElec rPois rF+ rC+ rN+ Will+ rMut rCorr}
rElec   +          Harm     .   C - +2 cloak
rCorr   +          Rampage  .   I - +3 pair of gloves of Abrudgh {rF+ Will+ Int+2 Dex+3}
rMut    +          Archmagi +   g - +2 pair of boots
Will    +++++                   F - amulet of Zofotyu {Reflect rPois Dex+10 Slay-3 SH+5}
Stlth   ++........              S - ring of the Mage {Wiz Archmagi}
HPRegen 1.12/turn               o - ring "Efeupp" {rElec rPois Int+7}
MPRegen 0.35/turn

@: corroded, studying 2 skills
A: clumsy 1, regeneration 1, MP-powered wands
}: 4/15 runes: serpentine, barnacled, slimy, silver
a: Renounce Religion


You were on level 2 of the Realm of Zot.
You worshipped Vehumet.
Vehumet was exalted by your worship.
You visited 12 branches of the dungeon, and saw 55 of its levels.
You also visited: Ice Cave and Wizlab.

You collected 9651 gold pieces.
You spent 5347 gold pieces at shops.

Inventory:

Hand Weapons
 j - the +11 scimitar of the Open Hand {freeze, Dex+4 SInv}
   (You took it off a tengu conjurer on level 1 of the Depths)

   It freezes those it strikes, dealing additional cold damage.
   It can also slow down cold-blooded creatures.
   Dex:       It affects your dexterity (+4).
   SInv:      It lets you see invisible.
 J - the +3 long sword of Discord {flame, rC+ Will+ Dex+3}
   (You took it off an ogre mage on level 5 of the Vaults)

   It burns those it strikes, dealing additional fire damage.
   Big, fiery blades are also staple armaments of hydra-hunters.
   Dex:       It affects your dexterity (+3).
   rC:        It protects you from cold.
   Will:      It increases your willpower.
 U - the +1 flail of Truncation {elec, +Blink rN++ Str-2 Stlth+}
   (You found it on level 5 of the Lair of Beasts)

   It occasionally discharges a powerful burst of electricity upon striking a
   foe.
   Str:       It affects your strength (-2).
   rN:        It greatly protects you from negative energy.
   +Blink:    It lets you blink.
   Stlth:     It makes you more stealthy.
Armour
 g - a +2 pair of boots (worn)
 i - the -2 hat of the Alchemist (worn) {rElec rPois rF+ rC+ rN+ Will+ rMut rCorr}
   (You found it on level 5 of the Vaults)

   rF:        It protects you from fire.
   rC:        It protects you from cold.
   rElec:     It insulates you from electricity.
   rPois:     It protects you from poison.
   rN:        It protects you from negative energy.
   rCorr:     It protects you from acid and corrosion.
   rMut:      It protects you from mutation.
   Will:      It increases your willpower.
 p - a +6 scale mail of cold resistance
 C - a +2 cloak (worn)
 G - a +5 kite shield of protection (worn)
 I - the +3 pair of gloves of Abrudgh (worn) {rF+ Will+ Int+2 Dex+3}
   (You acquired it on level 3 of the Snake Pit)

   Int:       It affects your intelligence (+2).
   Dex:       It affects your dexterity (+3).
   rF:        It protects you from fire.
   Will:      It increases your willpower.
 O - quicksilver dragon scales (worn)
Magical Staves
 c - a staff of conjuration (weapon)
Jewellery
 o - the ring "Efeupp" (right hand) {rElec rPois Int+7}
   (You took it off a yaktaur captain on level 5 of the Vaults)

   [ring of poison resistance]

   Int:       It affects your intelligence (+7).
   rElec:     It insulates you from electricity.
   rPois:     It protects you from poison.
 q - a +6 ring of intelligence
 F - the amulet of Zofotyu (around neck) {Reflect rPois Dex+10 Slay-3 SH+5}
   (You took it off a tengu conjurer on level 1 of the Depths)

   [amulet of reflection]

   It reflects blocked missile attacks.
   Dex:       It affects your dexterity (+10).
   Slay:      It affects your accuracy & damage with ranged weapons and melee
   (-3).
   rPois:     It protects you from poison.
   SH:        It affects your SH (+5).
 K - the ring of Meunly {rElec rC+ Will+}
   (You took it off a deep elf demonologist on level 3 of the Elven Halls)

   [ring of protection from cold]

   rC:        It protects you from cold.
   rElec:     It insulates you from electricity.
   Will:      It increases your willpower.
 S - the ring of the Mage (left hand) {Wiz Archmagi}
   (You took it off a tengu reaver on level 1 of the Depths)

   [ring of wizardry]

   It improves your spell success rate.
   Archmagi:  It increases the power of your magical spells.
 T - the ring of the Scavenger {rElec rF++ Will- SInv Stlth+}
   (You found it on level 11 of the Dungeon)

   [ring of see invisible]

   rF:        It greatly protects you from fire.
   rElec:     It insulates you from electricity.
   SInv:      It lets you see invisible.
   Will:      It decreases your willpower.
   Stlth:     It makes you more stealthy.
 Z - a ring of ice
Wands
 s - a wand of mindburst (13)
 v - a wand of charming (6)
 w - a wand of acid (14)
 z - a wand of paralysis (24)
 H - a wand of digging (23)
 N - a wand of iceblast (25)
Scrolls
 a - 8 scrolls of magic mapping
 e - 3 scrolls of immolation
 f - 5 scrolls of blinking
 l - 9 scrolls of fog
 r - 2 scrolls of holy word
 t - a scroll of summoning
 u - 2 scrolls of enchant armour
 y - a scroll of enchant weapon
 D - 5 scrolls of silence
 E - 24 scrolls of teleportation
 Q - 8 scrolls of fear
Potions
 b - 8 potions of berserk rage
 d - 7 potions of brilliance
 h - 6 potions of heal wounds
 k - 8 potions of might
 m - 7 potions of mutation
 n - 21 potions of curing
 x - 5 potions of resistance
 A - 4 potions of ambrosia
 B - 5 potions of cancellation
 V - 2 potions of haste
 W - 4 potions of magic
 X - 3 potions of flight
Miscellaneous
 L - a phantom mirror
 M - a box of beasts
 P - a lightning rod (4/4)


   Skills:
 - Level 5.0 Fighting
 - Level 4.0 Staves
 - Level 5.0 Armour
 - Level 18.0 Dodging
 - Level 4.0 Stealth
 - Level 16.0 Shields
 O Level 27 Spellcasting
 - Level 22.0 Conjurations
 - Level 16.0 Hexes
 - Level 10.0 Summonings
 - Level 4.3 Translocations
 - Level 22.0 Fire Magic
 - Level 18.0 Ice Magic
 - Level 4.0 Air Magic
 + Level 9.1 Earth Magic
 - Level 6.0 Evocations


You had 17 spell levels left.
You knew the following spells:

 Your Spells              Type           Power      Damage    Failure   Level
a - Magic Dart            Conj           100%       1d8       0%          1
b - Searing Ray           Conj           100%       2d8       0%          2
c - Fulminant Prism       Conj/Hex       87%        3d35      0%          4
d - Iskenderun's Mystic   Conj/Tloc      100%       2d19      1%          4
e - Ensorcelled Hibernat  Hex/Ice        100%       N/A       0%          2
g - Confusing Touch       Hex            100%       N/A       0%          3
i - Flame Wave            Conj/Fire      100%       2d17      0%          4
j - Iskenderun's Battles  Conj           100%       2d15      0%          5
k - Freezing Cloud        Conj/Ice/Air   81%        6-21      1%          5
l - Orb of Destruction    Conj           91%        9d20      1%          7
m - Spellforged Servitor  Conj/Summ      83%        N/A       1%          7
n - Ignition              Fire           78%        3d20      1%          8
o - Lee's Rapid Deconstr  Erth           60%        3d29*     1%          5
p - Fireball              Conj/Fire      91%        3d33      0%          5

Your spell library contained the following spells:

 Spells                   Type           Power      Damage    Failure   Level
 Lehudib's Crystal Spear  Conj/Erth      83%        10d18     2%          8
 Polar Vortex             Ice            73%        N/A       13%         9
 Foxfire                  Conj/Fire      100%       2x1d9     0%          1
 Slow                     Hex            100%       N/A       0%          1
 Scorch                   Fire           100%       2d10      0%          2
 Static Discharge         Conj/Air       100%       N/A       0%          2
 Conjure Flame            Conj/Fire      100%       6-21      0%          3
 Dazzling Flash           Conj/Hex       100%       N/A       0%          3
 Frozen Ramparts          Ice            100%       1d12      0%          3
 Inner Flame              Hex/Fire       100%       N/A       0%          3
 Ozocubu's Armour         Ice            100%       N/A       0%          3
 Stone Arrow              Conj/Erth      100%       3d13      0%          3
 Tukima's Dance           Hex            100%       N/A       0%          3
 Sticky Flame             Conj/Fire      100%       2d11      0%          4
 Pain                     Necr           100%       1d9       1%          1
 Summon Small Mammal      Summ           100%       N/A       1%          1
 Blink                    Tloc           100%       N/A       1%          2
 Call Imp                 Summ           100%       N/A       1%          2
 Corpse Rot               Necr/Air       100%       N/A       1%          2
 Poisonous Vapours        Pois/Air       100%       N/A       1%          2
 Call Canine Familiar     Summ           100%       N/A       1%          3
 Ignite Poison            Fire/Tmut/Pois 100%       N/A       1%          3
 Lesser Beckoning         Tloc           99%        N/A       1%          3
 Mephitic Cloud           Conj/Pois/Air  100%       N/A       1%          3
 Portal Projectile        Hex/Tloc       100%       N/A       1%          3
 Summon Guardian Golem    Hex/Summ       100%       N/A       1%          3
 Airstrike                Air            49%        N/A       1%          4
 Animate Armour           Summ/Erth      100%       N/A       1%          4
 Cause Fear               Hex            70%        N/A       1%          4
 Ice Form                 Ice/Tmut       100%       N/A       1%          4
 Leda's Liquefaction      Hex/Erth       65%        N/A       1%          4
 Passage of Golubria      Tloc           99%        N/A       1%          4
 Petrify                  Tmut/Erth      100%       N/A       1%          4
 Summon Ice Beast         Ice/Summ       100%       N/A       1%          4
 Summon Lightning Spire   Summ/Air       100%       N/A       1%          4
 Lightning Bolt           Conj/Air       79%        1d105     1%          5
 Metabolic Englaciation   Hex/Ice        72%        N/A       1%          5
 Silence                  Hex/Air        61%        N/A       1%          5
 Summon Forest            Summ/Tloc      56%        N/A       1%          5
 Summon Mana Viper        Hex/Summ       100%       N/A       1%          5
 Yara's Violent Unravell  Hex/Tmut       57%        3d22      1%          5
 Conjure Ball Lightning   Conj/Air       79%        3x3d30    1%          6
 Iron Shot                Conj/Erth      83%        9d15      1%          6
 Summon Cactus Giant      Summ           61%        N/A       1%          6
 Ozocubu's Refrigeration  Ice            73%        4d19      1%          7
 Vampiric Draining        Necr           74%        2d11      2%          3
 Fire Storm               Conj/Fire      91%        8d23      2%          9
 Borgnjor's Vile Clutch   Necr/Erth      50%        N/A       3%          5
 Manifold Assault         Tloc           99%        N/A       3%          5
 Animate Dead             Necr           37%        N/A       8%          4
 Dispel Undead            Necr           74%        3d25      8%          4
 Summon Hydra             Summ           61%        N/A       11%         7
 Statue Form              Tmut/Erth      67%        N/A       17%         6
 Dispersal                Tloc           49%        N/A       19%         6
 Agony                    Necr           74%        N/A       21%         5
 Blade Hands              Tmut           37%        N/A       21%         5
 Excruciating Wounds      Necr           37%        N/A       21%         5
 Eringya's Noxious Bog    Tmut/Pois      37%        N/A       26%         6
 Chain Lightning          Conj/Air       79%        3d105     58%         9
 Death Channel            Necr           37%        N/A       69%         6
 Maxwell's Capacitive Co  Air            49%        ∞         86%         8
 Storm Form               Tmut/Air       43%        N/A       92%         7
 Shatter                  Erth           60%        3d45*     96%         9
 Dragon Form              Tmut           37%        N/A       99%         7
 Disjunction              Tloc           49%        N/A       100%        8
 Dragon's Call            Summ           61%        N/A       100%        9


Dungeon Overview and Level Annotations

Branches:
Dungeon (15/15)            Temple (1/1) D:4            Lair (6/6) D:10
 Shoals (4/4) Lair:4        Snake (4/4) Lair:3        Slime (5/5) Lair:5
    Orc (2/2) D:10            Elf (3/3) Orc:2        Vaults (5/5) D:14
  Crypt (3/3) Vaults:2       Tomb (0/3) Crypt:3      Depths (4/4) D:15
    Zot (3/5) Depths:4      IceCv (visited)          WizLab (visited)

Altars:
Ashenzari
Cheibriados
Dithmenos
Elyvilon
Fedhas
Gozag
Hepliaklqana
Kikubaaqudgha
Makhleb
Nemelex Xobeh
Okawaru
Qazlal
Ru
Sif Muna
Trog
Uskayaw
Vehumet
Wu Jian
Xom
Yredelemnul
Zin
The Shining One
Beogh

Shops:
D:5 (   D:11 ([(*   D:14 ([   Orc:1 =   Orc:2 *(!*   Shoals:1 :(=
Snake:3 ***:=:   Vaults:1 (   Vaults:2 ?   Vaults:4 ?   Vaults:5 *
Depths:2 **   Depths:4 *

Portals:
Hell: Depths:1 Depths:2 Depths:3 Depths:4
Abyss: Depths:2 Depths:3
Pandemonium: Depths:2 Depths:3
Ziggurat: Depths:3

Annotations:
Lair:5 1 runed translucent door, Ypehuijo's ghost, journeyman OpFi
Lair:6 Sonja


Innate Abilities, Weirdness & Mutations

You are clumsy. (Dex -2)
Your natural rate of healing is unusually fast.
You expend magic power (3 MP) to strengthen your wands.


Message History

You erupt in a blast of force!
The mystic blast hits the death cob!
The death cob is heavily damaged.
The death cob is knocked back by the mystic blast.
The death cob slams into the rock wall!
The death cob is heavily damaged.
The mystic blast hits the yellow draconian!!
The yellow draconian is severely wounded.
The yellow draconian is knocked back by the mystic blast.
The yellow draconian slams into the rock wall!
The yellow draconian is severely wounded.
The mystic blast hits your spellforged servitor!!
Your spellforged servitor is moderately damaged.
Your spellforged servitor is knocked back by the mystic blast.
Your spellforged servitor slams into the rock wall!
Your spellforged servitor is moderately damaged.
Casting: Iskenderun's Mystic Blast (safe; 1% risk of failure)
Confirm with . or Enter, or press ? or * to list all spells.
Aiming: Orb of Destruction (safe; 1% risk of failure)
Press: ? - help, Shift-Dir - straight line, f/p - death cob
Aim: a death cob (heavily damaged)
You feel a strong surge of power!
The wavering orb of destruction weakly hits the death cob!!
The death cob is almost destroyed.
The death cob hits you but does no damage. x2
Your spellforged servitor conjures a glowing orb.
The death cob hits you!! The death cob drains your vigour!
You feel yourself slow down. You block the death cob's attack. x3
The death cob hits you but does no damage.
The orb of destruction hits the death cob!!!!
The death cob is blown up!
Vehumet accepts your kill. The yellow draconian spits acid at you.
The glob of acid hits you. You resist. The acid corrodes you!
Your spellforged servitor launches a ball of destructive magic.
You feel yourself speed up.
You block the yellow draconian's attack.
The orb of destruction hits you!!!!
Ouch! That really hurt!
You die...

##############
#9...........#############
#..°.........'...........#
#..°.........#.#########..
#...○○.......#.# #.....# ###
#....°☼d.@...#.# #.##### ..#
#......○☼<...#.# #.#
..#######'######'#'##.#####.#####
.)').[....)......#.##............
..#.[.....#......#....#####.#####
..#[##.####......##.#.# ### #
###)##.# #......##.#.# # .......#
#......'....# # .##.####
#####)####.### #


You could see a yellow draconian.

Vanquished Creatures
  the Royal Jelly (Slime:5)
  Dissolution (Slime:5)
  An ancient lich (Vaults:5)
  A juggernaut (Depths:3)
  Sojobo (Depths:2)
  The ghost of Dameikh the Hoplite, a veteran FoFi of Nemelex Xobeh (Depths:1)
  4 golden dragons
  Jory (Vaults:3)
  An electric golem (Zot:1)
  A Cloud Mage (WizLab)
  Mlioglotl (Snake:1)
  Jorgrun (Elf:1)
  5 liches
  10 tentacled monstrosities
  8 titans
  A walking divine tome (Depths:1)
  A deep elf blademaster (Elf:3)
  2 deep elf master archers (Elf:3)
  18 acid blobs
  Polyphemus (Shoals:3)
  5 death cobs
  9 quicksilver dragons
  2 ancient champions (Crypt:2)
  Agnes (D:14)
  Kirke (D:14)
  6 tengu reavers
  5 sphinxes
  3 storm dragons
  Roxanne (Snake:1)
  Ilsuiw (Shoals:2)
  4 revenants
  A draconian monk (Depths:4)
  10 rockslimes
  4 shadow dragons
  2 nagarajas (Snake:4)
  11 azure jellies
  2 draconian knights (Zot:2)
  A fire giant (Depths:2)
  6 frost giants
  12 vault wardens
  A ghost moth (Zot:2)
  An orc warlord (Orc:2)
  A draconian stormcaller (Zot:1)
  A curse skull (Crypt:2)
  A deep elf sorcerer (Elf:3)
  2 angels
  7 ghouls
  Aizul (Snake:1)
  2 iron dragons
  4 deep elf elementalists
  21 ironbound preservers
  4 war gargoyles
  13 quicksilver oozes
  2 draconian annihilators (Zot:2)
  A reaper (Crypt:1)
  A draconian scorcher (Depths:4)
  3 spriggan defenders
  15 very ugly things
  11 stone giants
  An ironbound thunderhulk (D:14)
  A white draconian (Zot:2)
  4 green draconians
  4 deep elf demonologists (Elf:3)
  3 vampire knights
  4 dire elephants (Vaults:3)
  5 red draconians
  4 purple draconians
  6 deep elf annihilators
  A spark wasp (shapeshifter) (Depths:2)
  2 black draconians
  2 spark wasps (WizLab)
  6 yellow draconians
  An entropy weaver (Vaults:1)
  6 eidola
  A crystal guardian (Vaults:3)
  6 deep elf death magi
  9 merfolk impalers
  Snorg (D:10)
  8 fire dragons
  5 blizzard demons (WizLab)
  4 merfolk javelineers
  17 ettins
  A spectral spriggan (Crypt:3)
  A green death (Crypt:1)
  2 deep elf high priests (Elf:3)
  10 jiangshi
  6 yaktaur captains
  10 great orbs of eyes
  2 hell beasts
  4 boulder beetles
  29 vault guards
  3 salamander tyrants (Snake:4)
  6 rakshasas
  Erolcha (D:9)
  A quicksilver dragon skeleton (Crypt:1)
  13 naga warriors
  5 ogre magi
  7 ice dragons
  7 anacondas
  4 spriggan air magi
  A peacekeeper (Vaults:1)
  13 hydras
  5 ironbound frosthearts
  2 catoblepae
  A catoblepas (shapeshifter) (Depths:4)
  2 ghost crabs (WizLab)
  2 satyrs
  An alligator snapping turtle (Shoals:3)
  7 merfolk aquamancers
  8 centaur warriors
  A death knight (D:13)
  4 tengu warriors
  15 two-headed ogres
  A deep troll shaman (Depths:3)
  16 naga sharpshooters
  8 orc high priests
  6 death yaks
  20 dancing weapons
  2 deep troll earth magi (Depths:4)
  4 spriggans
  10 vampire magi
  A large abomination (Crypt:1)
  14 deep elf knights
  3 sun demons
  Urug (Lair:6)
  5 shock serpents
  3 soul eaters
  5 spriggan berserkers
  10 hell knights
  7 salamander mystics
  A deep troll (shapeshifter) (D:14)
  11 shadow wraiths
  12 sea snakes
  A death drake (WizLab)
  41 deep trolls
  27 skeletal warriors
  4 bog bodies
  An iron troll (Depths:3)
  A goliath frog (Crypt:1)
  4 flayed ghosts
  28 phantasmal warriors
  2 harpies (shapeshifter)
  2 glowing orange brains
  23 harpies
  5 lindwurms
  17 deep elf zephyrmancers
  4 necromancers
  11 deep elf archers
  17 ironbound convokers
  7 naga ritualists
  16 wizards
  13 deep elf pyromancers
  A wolf spider (Crypt:1)
  12 mana vipers
  A mana viper (shapeshifter) (Vaults:3)
  9 orc knights
  2 fauns (Shoals:2)
  3 orc sorcerers
  43 ugly things
  16 manticores
  12 moths of wrath
  20 salamanders
  A sphinx skeleton (Vaults:4)
  8 cyclopes
  6 shining eyes
  A manticore (shapeshifter) (Crypt:1)
  4 merfolk sirens
  12 vault sentinels
  9 elephants
  A black mamba (shapeshifter) (D:14)
  3 guardian serpents
  A stone giant skeleton (Vaults:2)
  3 apocalypse crabs (WizLab)
  23 black mambas
  2 smoke demons (Depths:4)
  13 naga magi
  15 cane toads
  6 water nymphs (Shoals:4)
  An ice statue (IceCv)
  An unseen horror (Crypt:1)
  Maggie (D:7)
  A torpor snail (Lair:4)
  3 rime drakes
  12 komodo dragons
  8 freezing wraiths
  An efreet (D:13)
  4 demonic crawlers
  5 tengu conjurers
  An anaconda simulacrum (IceCv)
  32 yaktaurs
  An elf skeleton (Vaults:4)
  A yaktaur skeleton (Vaults:2)
  A hellwing (Depths:2)
  A red devil (Depths:2)
  A purple draconian skeleton (Crypt:1)
  9 trolls
  9 wind drakes
  30 merfolk
  A polar bear (Lair:4)
  7 hornets
  18 blink frogs
  2 dream sheep (Shoals:1)
  Prince Ribbit (Lair:3)
  3 snapping turtles
  107 slime creatures
  2 radroach zombies
  2 ettin skeletons
  A jumping spider (shapeshifter) (D:14)
  A black mamba zombie (Crypt:1)
  25 air elementals
  29 water elementals
  14 flying skulls
  10 shadows
  A yak (shapeshifter) (Vaults:5)
  A spriggan (shapeshifter) (Vaults:5)
  3 fire bats (Depths:4)
  7 wyverns
  12 wraiths
  20 yaks
  A hog (D:14)
  A human (shapeshifter) (Elf:2)
  7 basilisks
  A wind drake zombie (Crypt:1)
  A chaos spawn (Crypt:1)
  A steam dragon (D:10)
  10 vampire mosquitoes
  Grum (D:9)
  2 redbacks (Vaults:1)
  2 death yak simulacra (IceCv)
  A warg (shapeshifter) (D:15)
  A harpy simulacrum (IceCv)
  63 nagas
  3 wargs (Orc:2)
  An acid dragon (D:11)
  19 water moccasins
  A floating eye (shapeshifter) (Vaults:5)
  A floating eye (Depths:1)
  5 necrophages
  2 sky beasts
  3 black bears
  39 orc warriors
  A swamp dragon zombie (Crypt:2)
  A hornet zombie (D:6)
  A dream sheep zombie (Crypt:2)
  12 ogres
  A manticore zombie (Crypt:3)
  26 wolves
  3 boggarts (Vaults:2)
  10 centaurs
  2 phantoms
  A rime drake zombie (Crypt:1)
  3 kobold brigands
  A bullfrog (shapeshifter) (D:14)
  15 bullfrogs
  6 two-headed ogre simulacra (IceCv)
  A scorpion (Crypt:1)
  3 human skeletons
  4 cane toad simulacra (IceCv)
  A water moccasin skeleton (D:5)
  A small abomination (Crypt:1)
  An elephant simulacrum (IceCv)
  4 electric eels
  4 hounds
  4 centaur zombies
  A bullfrog zombie (Crypt:2)
  2 jellies
  Crazy Yiuf (D:7)
  38 orc priests
  3 gnoll shamans
  A human zombie (Crypt:2)
  A scorpion zombie (Crypt:2)
  Terence (D:2)
  2 hell rats
  5 iguanas
  3 troll simulacra (IceCv)
  13 orc wizards
  3 spriggan simulacra (IceCv)
  A polar bear simulacrum (IceCv)
  4 wolf simulacra (IceCv)
  3 killer bee zombies
  2 hound skeletons (D:4)
  3 howler monkey zombies
  12 mummies (Crypt:3)
  Robin (D:3)
  A howler monkey skeleton (D:7)
  12 naga simulacra (IceCv)
  6 adders
  11 gnolls
  2 white imps
  6 ufetubi
  An iguana zombie (Crypt:3)
  An adder skeleton (D:4)
  2 dart slugs (D:1)
  97 orcs
  3 ball pythons
  5 bats
  A bat zombie (Crypt:3)
  9 endoplasms
  3 giant cockroaches
  17 goblins
  6 hobgoblins
  9 jackals
  5 quokkas
  4 frilled lizards
  A jackal skeleton (Crypt:1)
  21 kobolds
  A kobold skeleton (Crypt:3)
  7 rats
  10 fulminant prisms
2109 creatures vanquished.

Vanquished Creatures (collateral kills)
  A juggernaut (Depths:4)
  Vashnia (Snake:4)
  2 golden dragons
  A shard shrike skeleton (Crypt:2)
  A tentacled monstrosity (Zot:1)
  A titan (Vaults:5)
  An ancient champion (Crypt:3)
  5 acid blobs
  2 death cobs (Zot:2)
  3 shadow dragons
  A draconian monk (Zot:2)
  4 storm dragons
  A revenant (Crypt:3)
  Donald (Elf:1)
  2 rockslimes
  3 nagarajas
  6 fire giants
  A frost giant (Vaults:5)
  4 vault wardens
  3 draconian scorchers
  A deep elf elementalist (Elf:3)
  2 ghouls (Crypt:3)
  7 ironbound preservers
  An angel (Depths:3)
  A curse skull (Crypt:3)
  A quicksilver ooze (shapeshifter) (Vaults:1)
  2 vampire knights
  A deep elf demonologist (Elf:3)
  3 very ugly things
  A green draconian (Zot:2)
  5 dire elephants
  3 stone giants
  3 ironbound thunderhulks
  A deep elf annihilator (Vaults:5)
  2 red draconians
  A white draconian (Zot:1)
  A black draconian (Zot:1)
  A purple draconian (Zot:2)
  2 fire dragons (Depths:1)
  2 yaktaur captains
  2 merfolk impalers
  3 deep elf death magi
  A deep elf high priest (Elf:3)
  3 ettins (Depths:3)
  3 jiangshi
  3 great orbs of eyes
  2 ice dragons (Depths:1)
  A peacekeeper (Vaults:3)
  6 naga warriors
  A salamander tyrant (Snake:3)
  A hydra (Lair:4)
  An anaconda (Snake:3)
  A merfolk avatar (Shoals:4)
  Erica (D:8)
  A death knight (D:15)
  6 dancing weapons
  A death yak (Depths:3)
  2 vampire magi
  2 hell hogs (Depths:4)
  3 soul eaters
  2 shock serpents
  3 hell knights (Depths:4)
  3 deep elf knights
  3 naga sharpshooters
  A sun demon (Depths:4)
  15 skeletal warriors
  2 salamander mystics
  8 deep trolls
  A spark wasp zombie (Crypt:3)
  3 sea snakes
  A death drake (WizLab)
  A phantasmal warrior (Vaults:5)
  A wizard (Vaults:2)
  3 naga ritualists
  5 deep elf archers
  5 deep elf pyromancers
  A shadow dragon zombie (Crypt:3)
  A harpy (Shoals:4)
  A shadow dragon skeleton (Vaults:2)
  4 deep elf zephyrmancers (Elf:2)
  13 ugly things
  A moth of wrath (Zot:1)
  4 salamanders
  5 vault sentinels
  5 naga magi
  A water nymph (Shoals:1)
  3 black mambas
  A guardian serpent (Snake:4)
  A freezing wraith (Vaults:3)
  A komodo dragon (Lair:3)
  7 yaktaurs
  A spectral naga (Crypt:3)
  A guardian mummy (Crypt:3)
  A human skeleton (Vaults:2)
  3 yaktaur skeletons (Vaults:2)
  2 hydra zombies
  A merfolk (Shoals:1)
  8 slime creatures
  5 blink frogs
  An air elemental (WizLab)
  A water elemental (Shoals:1)
  An ice dragon skeleton (Crypt:3)
  A fire bat (Depths:4)
  2 elf skeletons (Vaults:2)
  2 vampire mosquitoes
  8 nagas
  An orc warrior (D:10)
  A lindwurm zombie (Crypt:2)
  A wolf (Lair:2)
  2 necrophages
  2 earth elementals (Elf:2)
  3 hell rats (Lair:2)
  A barachi skeleton (Crypt:2)
  3 orcs
  A fulminant prism (Elf:3)
288 creatures vanquished.

Vanquished Creatures (others)
  A deep elf blademaster (Elf:3)
  A vault warden (Vaults:5)
  An ettin (Depths:3)
  A deep troll shaman (Depths:4)
  An ugly thing (Vaults:2)
  A human (D:14)
  A naga (Snake:2)
  637 fulminant prisms
  39 fungi
  213 plants
896 creatures vanquished.

Grand Total: 3293 creatures vanquished

Notes
Turn   | Place    | Note
-------+----------+-------------------------------------------
     0 | D:1      | joshe the Deep Elf Conjurer began the quest for the Orb.
     0 | D:1      | Reached XP level 1. HP: 10/10 MP: 6/6
   598 | D:1      | Reached XP level 2. HP: 15/15 MP: 6/8
   601 | D:1      | Learned a level 2 spell: Searing Ray
   662 | D:1      | Reached skill level 5 in Conjurations
   762 | D:1      | Found a faded altar of an unknown god.
  1017 | D:1      | Reached skill level 4 in Spellcasting
  1072 | D:1      | Reached XP level 3. HP: 19/19 MP: 6/10
  1772 | D:2      | Noticed Terence
  2104 | D:2      | Killed Terence
  2105 | D:2      | Reached skill level 5 in Spellcasting
  2105 | D:2      | Reached XP level 4. HP: 13/24 MP: 1/13
  2110 | D:2      | Learned a level 4 spell: Fulminant Prism
  2115 | D:2      | Learned a level 4 spell: Iskenderun's Mystic Blast
  2774 | D:3      | Reached skill level 1 in Hexes
  2925 | D:3      | Noticed Robin
  3035 | D:3      | Got the Volume of Creative Snow
  3432 | D:3      | Killed Robin
  3434 | D:3      | Reached XP level 5. HP: 25/28 MP: 4/14
  4501 | D:4      | Learned a level 2 spell: Ensorcelled Hibernation
  4939 | D:4      | Reached XP level 6. HP: 26/32 MP: 8/15
  5332 | D:4      | Found a staircase to the Ecumenical Temple.
  5414 | D:4      | Found an opulent altar of Gozag.
  5483 | D:4      | Reached skill level 5 in Hexes
  5760 | D:4      | Found an ancient bone altar of Kikubaaqudgha.
  5760 | D:4      | Found a sacrificial altar of Ru.
  5896 | D:5      | Entered Level 5 of the Dungeon
  5947 | D:5      | Reached skill level 6 in Spellcasting
  6293 | D:5      | Reached XP level 7. HP: 36/36 MP: 9/18
  6405 | D:5      | Reached skill level 1 in Ice Magic
  7246 | Temple   | Entered the Ecumenical Temple
  7513 | Temple   | Became a worshipper of Vehumet
  7702 | D:5      | Found Douc's Firing Range.
  7822 | D:5      | Found a sparkling altar of Nemelex Xobeh.
  8281 | D:6      | Found an iron altar of Okawaru.
  8619 | D:6      | Reached XP level 8. HP: 41/41 MP: 14/19
  8760 | D:6      | Reached skill level 7 in Spellcasting
  9072 | D:6      | Found a white marble altar of Elyvilon.
  9189 | D:6      | Found a hazy altar of Hepliaklqana.
  9429 | D:6      | Reached skill level 8 in Spellcasting
  9701 | D:7      | Noticed a green ugly thing
  9783 | D:7      | Killed a green ugly thing
  9784 | D:7      | Reached skill level 9 in Spellcasting
  9886 | D:7      | Noticed Maggie
  9907 | D:7      | Killed Maggie
  9908 | D:7      | Reached XP level 9. HP: 45/45 MP: 4/24
 10337 | D:7      | Identified the +3 leather armour of Imnuc Cuz {rPois Will-
                  | rCorr}
 10340 | D:7      | Reached * piety under Vehumet
 10340 | D:7      | Offered knowledge of Sandblast by Vehumet.
 10635 | D:7      | Found a broken altar of Ashenzari.
 10704 | D:7      | Reached skill level 5 in Dodging
 10914 | D:7      | Reached skill level 1 in Armour
 11055 | D:7      | Found a burning altar of Makhleb.
 11122 | D:7      | Found an ornate altar of the Wu Jian Council.
 11188 | D:7      | Learned a level 4 spell: Summon Ice Beast
 11323 | D:7      | Found a runed translucent door.
 11324 | D:7      | Noticed Crazy Yiuf
 11329 | D:7      | Killed Crazy Yiuf
 11571 | D:8      | Found a snail-covered altar of Cheibriados.
 11611 | D:8      | You fall into a shaft and drop 2 floors!
 11611 | D:10     | Entered Level 10 of the Dungeon
 11775 | D:10     | Reached ** piety under Vehumet
 11781 | D:10     | Offered knowledge of Static Discharge by Vehumet.
 11782 | D:10     | Noticed a +0 dagger
 11782 | D:10     | Noticed a +0 falchion
 11783 | D:10     | Noticed a +0 spear
 11784 | D:10     | Noticed a +0 spear
 11785 | D:10     | Noticed a +0 dagger
 11785 | D:10     | Noticed a +0 short sword
 11787 | D:10     | Noticed a +0 short sword
 11787 | D:10     | Noticed a +0 falchion
 11798 | D:10     | Found a hide-covered altar of Uskayaw.
 11896 | D:9      | Found a shadowy altar of Dithmenos.
 11990 | D:9      | Noticed Grum
 11992 | D:9      | Reached skill level 10 in Spellcasting
 11998 | D:9      | Reached XP level 10. HP: 50/50 MP: 13/26
 12006 | D:9      | Killed Grum
 12007 | D:9      | Reached skill level 5 in Ice Magic
 12451 | D:9      | Learned a level 3 spell: Confusing Touch
 12535 | D:9      | Noticed Erolcha
 12568 | D:9      | Killed Erolcha
 12569 | D:9      | Reached skill level 5 in Summonings
 12569 | D:9      | Reached skill level 10 in Hexes
 12605 | D:9      | Noticed a two-headed ogre
 12614 | D:9      | Killed a two-headed ogre
 12615 | D:9      | Reached skill level 11 in Spellcasting
 13080 | D:10     | Found a staircase to the Orcish Mines.
 13175 | D:10     | Noticed a skeletal warrior
 13176 | D:10     | Noticed Snorg
 13176 | D:10     | Noticed a skeletal warrior
 13176 | D:10     | Noticed a skeletal warrior
 13181 | D:10     | Noticed a skeletal warrior
 13194 | D:10     | Killed a skeletal warrior
 13603 | D:10     | Killed a skeletal warrior
 13620 | D:10     | Killed a skeletal warrior
 13894 | D:9      | HP: 2/50 [skeletal warrior/+0 short sword (19)]
 13895 | D:8      | Noticed Erica
 14087 | D:8      | Learned a level 5 spell: Summon Mana Viper
 14169 | D:8      | Killed Erica
 14170 | D:8      | Reached XP level 11. HP: 32/54 MP: 3/28
 15308 | D:10     | Killed Snorg
 15309 | D:10     | Reached skill level 10 in Conjurations
 15683 | D:10     | Reached skill level 12 in Spellcasting
 15721 | D:10     | Found a staircase to the Lair.
 16170 | Orc:1    | Entered Level 1 of the Orcish Mines
 16601 | Lair:1   | Entered Level 1 of the Lair of Beasts
 16796 | Lair:1   | Noticed a seven-headed hydra
 16802 | Lair:1   | Killed a seven-headed hydra
 17349 | Lair:1   | Reached skill level 13 in Spellcasting
 17349 | Lair:1   | Offered knowledge of Conjure Flame by Vehumet.
 17932 | Lair:1   | You fall into a shaft and drop 1 floor!
 17957 | Lair:2   | Reached *** piety under Vehumet
 17958 | Lair:2   | Reached XP level 12. HP: 53/59 MP: 4/31
 18036 | Lair:2   | Reached skill level 14 in Spellcasting
 19539 | Lair:3   | Noticed Prince Ribbit
 19545 | Lair:3   | Killed Prince Ribbit
 19563 | Lair:3   | Offered knowledge of Flame Wave by Vehumet.
 19686 | Lair:3   | Noticed an eight-headed hydra
 19731 | Lair:3   | Killed an eight-headed hydra
 20227 | Lair:3   | Reached skill level 1 in Fighting
 20519 | Lair:3   | Found a staircase to the Snake Pit.
 20904 | Lair:4   | Noticed a six-headed hydra
 21724 | Lair:4   | Found a staircase to the Shoals.
 21756 | Lair:4   | Noticed a six-headed hydra
 21781 | Lair:4   | Reached skill level 15 in Spellcasting
 21782 | Lair:4   | Killed a six-headed hydra
 22033 | Lair:3   | Noticed a catoblepas
 22053 | Lair:3   | Killed a catoblepas
 22153 | Lair:3   | Identified a scroll of acquirement
 22153 | Lair:3   | Acquired a ring of poison resistance
 22199 | Lair:4   | Reached skill level 16 in Spellcasting
 22230 | Lair:4   | Reached **** piety under Vehumet
 22236 | Lair:4   | Learned a level 4 spell: Flame Wave
 22314 | Lair:4   | Reached skill level 1 in Fire Magic
 22385 | Lair:4   | Noticed an anaconda
 22694 | Lair:4   | Offered knowledge of Iskenderun's Battlesphere by Vehumet.
 22728 | Lair:4   | Reached XP level 13. HP: 68/68 MP: 25/35
 23206 | Lair:4   | Learned a level 5 spell: Iskenderun's Battlesphere
 23388 | Lair:4   | Identified the +1 ring mail "Isyeff" {Int+3}
 24330 | Lair:5   | Reached skill level 5 in Fire Magic
 24656 | Lair:5   | Found a staircase to the Slime Pits.
 24925 | Lair:5   | Reached ***** piety under Vehumet
 25038 | Lair:5   | Offered knowledge of Eringya's Noxious Bog by Vehumet.
 25313 | Lair:5   | Found a runed translucent door.
 25316 | Lair:5   | Noticed Ypehuijo's ghost (journeyman OpFi)
 25321 | Lair:5   | Identified the +2 trident "Eviscerator" {vamp, rF+}
 25549 | Lair:5   | Identified the +1 flail of Truncation {elec, +Blink rN++
                  | Str-2 Stlth+}
 25840 | Lair:6   | Entered Level 6 of the Lair of Beasts
 25889 | Lair:6   | Noticed Urug
 25892 | Lair:6   | Killed Urug
 25900 | Lair:6   | Reached skill level 5 in Evocations
 26182 | Lair:6   | Noticed Sonja
 26408 | Slime:1  | Entered Level 1 of the Pits of Slime
 26429 | Slime:1  | Noticed an azure jelly
 26436 | Slime:1  | Killed an azure jelly
 26437 | Slime:1  | Reached XP level 14. HP: 74/74 MP: 10/36
 26608 | Slime:1  | You fall into a shaft and drop 1 floor!
 26608 | Slime:2  | Noticed an azure jelly
 26608 | Slime:2  | Noticed an acid blob
 26612 | Slime:1  | Noticed a quicksilver ooze
 26612 | Slime:1  | Noticed an azure jelly
 26618 | Slime:1  | Killed an azure jelly
 26619 | Slime:1  | Killed an azure jelly
 26619 | Slime:1  | Killed a quicksilver ooze
 27242 | Slime:2  | Noticed an acid blob
 27244 | Slime:2  | Noticed a rockslime
 27369 | Slime:2  | Noticed a quicksilver ooze
 27373 | Slime:2  | Noticed an acid blob
 27374 | Slime:2  | Killed a quicksilver ooze
 27378 | Slime:2  | Killed an acid blob
 27382 | Slime:2  | Noticed a rockslime
 27812 | Slime:1  | Reached skill level 15 in Conjurations
 28292 | Orc:1    | Gained mutation: You tend to lose your temper in combat. [a
                  | neqoxec]
 28818 | Orc:1    | Found Sowe's Jewellery Shoppe.
 29259 | Orc:2    | Entered Level 2 of the Orcish Mines
 29266 | Orc:2    | Offered knowledge of Lee's Rapid Deconstruction by Vehumet.
 29268 | Orc:2    | Reached skill level 17 in Spellcasting
 29725 | Orc:2    | Found a staircase to the Elven Halls.
 30289 | Orc:2    | Noticed an orc warlord
 30293 | Orc:2    | Killed an orc warlord
 30557 | Orc:2    | Offered knowledge of Freezing Cloud by Vehumet.
 30564 | Orc:2    | Learned a level 5 spell: Freezing Cloud
 30832 | Orc:2    | Reached skill level 18 in Spellcasting
 30869 | Orc:2    | Reached skill level 1 in Air Magic
 31525 | Orc:2    | Found Raonwat's Assorted Antiques.
 31525 | Orc:2    | Found Aroidics's General Store.
 31526 | Orc:2    | Found Qish's Distillery.
 31526 | Orc:2    | Found Ontopler's Antique Weapon Boutique.
 31542 | Orc:2    | Bought a scroll of teleportation for 42 gold pieces
 31542 | Orc:2    | Bought a scroll of identify for 28 gold pieces
 31542 | Orc:2    | Bought a scroll of fog for 28 gold pieces
 31549 | Orc:2    | Bought a potion of curing for 42 gold pieces
 31549 | Orc:2    | Bought a potion of curing for 42 gold pieces
 31549 | Orc:2    | Bought a potion of curing for 42 gold pieces
 31549 | Orc:2    | Bought a potion of resistance for 140 gold pieces
 31549 | Orc:2    | Bought a potion of curing for 42 gold pieces
 31549 | Orc:2    | Bought a potion of brilliance for 56 gold pieces
 31549 | Orc:2    | Bought a potion of heal wounds for 70 gold pieces
 31551 | Orc:2    | Bought a pair of runed boots for 225 gold pieces
 31551 | Orc:2    | Bought a scroll of blinking for 225 gold pieces
 31551 | Orc:2    | Bought a scroll of teleportation for 90 gold pieces
 31889 | D:11     | Found Kaxzau's General Store.
 31892 | D:11     | Bought a scroll of identify for 32 gold pieces
 31892 | D:11     | Bought 2 scrolls of identify for 64 gold pieces
 31909 | D:11     | Identified the ring of the Scavenger {rElec rF++ Will- SInv
                  | Stlth+}
 31920 | D:11     | Found a frozen archway.
 31934 | IceCv    | Entered an ice cave
 32455 | IceCv    | Offered knowledge of Orb of Destruction by Vehumet.
 32464 | IceCv    | Learned a level 7 spell: Orb of Destruction
 32632 | IceCv    | Reached XP level 15. HP: 78/78 MP: 37/39
 32846 | IceCv    | Identified the +2 halberd of Pabuamixt {freeze, rPois rN+}
 32852 | IceCv    | Got the Reference Book on Ice
 33173 | D:11     | Bought a scroll of blinking for 120 gold pieces
 33310 | D:11     | Found Istram's Weapon Emporium.
 33385 | D:11     | Found Kiedwy Afack's Antique Weapon Shop.
 33390 | D:11     | Found Fobuob's Armour Shop.
 33459 | D:11     | Found the +8 trident of the Octopus King {venom, rElec
                  | rPois}
 34723 | D:13     | Reached skill level 19 in Spellcasting
 36503 | D:14     | Found Mieliv's Weapon Emporium.
 36557 | D:14     | Noticed Agnes
 36564 | D:14     | Killed Agnes
 36592 | D:14     | Found Plog's Antique Armour Emporium.
 36610 | D:14     | Reached skill level 20 in Spellcasting
 37137 | D:14     | Noticed Kirke
 37141 | D:14     | Killed Kirke
 37669 | D:14     | Found a stormy altar of Qazlal.
 37813 | D:14     | Found a gate to the Vaults.
 38007 | D:15     | Entered Level 15 of the Dungeon
 38337 | D:15     | Reached skill level 10 in Fire Magic
 39205 | D:15     | Reached skill level 15 in Hexes
 39712 | D:15     | Offered knowledge of Spellforged Servitor by Vehumet.
 39713 | D:15     | Reached XP level 16. HP: 83/83 MP: 6/42
 40059 | D:15     | Found a staircase to the Depths.
 40376 | Elf:1    | Entered Level 1 of the Elven Halls
 40660 | Elf:1    | Learned a level 7 spell: Spellforged Servitor
 40739 | Elf:1    | Reached skill level 21 in Spellcasting
 41701 | Elf:1    | Noticed Jorgrun
 41719 | Elf:1    | Killed Jorgrun
 42229 | Elf:1    | Noticed Donald
 42240 | Elf:1    | Killed Donald
 42756 | Elf:2    | Reached skill level 10 in Summonings
 44099 | Elf:2    | Reached skill level 22 in Spellcasting
 44502 | Elf:2    | Found a runed translucent gate.
 44503 | Elf:2    | Found a runed translucent gate.
 44503 | Elf:2    | Found a runed translucent gate.
 44651 | Elf:2    | Reached skill level 23 in Spellcasting
 44653 | Elf:2    | Offered knowledge of Conjure Ball Lightning by Vehumet.
 45927 | Elf:3    | Entered Level 3 of the Elven Halls
 46412 | Elf:3    | Reached XP level 17. HP: 81/87 MP: 31/46
 46529 | Elf:3    | Learned a level 6 spell: Conjure Ball Lightning
 46545 | Elf:3    | Reached skill level 24 in Spellcasting
 48246 | Elf:3    | Noticed a deep elf blademaster
 48293 | Elf:3    | Killed a deep elf blademaster
 48698 | Elf:3    | Noticed a deep elf blademaster
 48706 | Elf:3    | Noticed a deep elf master archer
 48707 | Elf:3    | Killed a deep elf blademaster
 49155 | Elf:3    | Killed a deep elf master archer
 49380 | Elf:3    | Identified the ring of Miugogodom {Fire Str+6}
 49429 | Elf:3    | Noticed a deep elf master archer
 49437 | Elf:3    | Killed a deep elf master archer
 49443 | Elf:3    | Identified the +1 robe of the Thirteen Planets {Fly rF+
                  | Archmagi}
 49443 | Elf:3    | Identified the ring of Meunly {rElec rC+ Will+}
 49444 | Elf:3    | Identified the +9 glaive of Intuition {elec, Int+2}
 50015 | Elf:3    | Identified the +1 leather armour of Ashenzari's Grace
                  | {rCorr}
 50046 | Elf:3    | Identified the +5 shortbow of Gloom {flame, rElec rC+ Will-
                  | Dex+2}
 50743 | Snake:1  | Entered Level 1 of the Snake Pit
 50752 | Snake:1  | Noticed Roxanne
 50784 | Snake:1  | Killed Roxanne
 51143 | Snake:1  | Learned a level 5 spell: Lee's Rapid Deconstruction
 51850 | Snake:1  | Reached skill level 1 in Earth Magic
 51960 | Snake:1  | Noticed Mlioglotl
 51967 | Snake:1  | Killed Mlioglotl
 52617 | Snake:1  | Noticed Aizul
 52621 | Snake:1  | Killed Aizul
 52958 | Snake:1  | Offered knowledge of Maxwell's Capacitive Coupling by
                  | Vehumet.
 54135 | Snake:2  | Identified the +6 trident of the Howling One {vorpal, rF++
                  | rCorr Dex-3}
 54141 | Snake:2  | Reached skill level 25 in Spellcasting
 54826 | Snake:2  | Reached XP level 18. HP: 92/92 MP: 29/49
 56887 | Snake:3  | Reached skill level 26 in Spellcasting
 57410 | Snake:3  | Found Kometak's General Store.
 57414 | Snake:3  | Found Ewiel's Specific Store.
 57616 | Snake:3  | Bought a scroll of magic mapping for 63 gold pieces
 58185 | Snake:3  | Found Notwef's Gadget Gallery.
 58452 | Snake:3  | Found Quska's Book Shop.
 58452 | Snake:3  | Found Hadin's Jewellery Shoppe.
 58453 | Snake:3  | Found Osoph's Book Shop.
 58463 | Snake:3  | Bought a book of the Spheres for 1026 gold pieces
 58467 | Snake:3  | Bought a book of Annihilations for 720 gold pieces
 58473 | Snake:3  | Learned a level 5 spell: Fireball
 58535 | Snake:3  | Acquired the +3 pair of gloves of Abrudgh {rF+ Will+ Int+2
                  | Dex+3}
 58814 | Snake:4  | Entered Level 4 of the Snake Pit
 59247 | Snake:4  | Reached skill level 27 in Spellcasting
 59599 | Snake:4  | Reached ****** piety under Vehumet
 60419 | Snake:4  | Offered knowledge of Lehudib's Crystal Spear by Vehumet.
 60419 | Snake:4  | Offered knowledge of Polar Vortex by Vehumet.
 60419 | Snake:4  | Offered knowledge of Ignition by Vehumet.
 60429 | Snake:4  | Learned a level 8 spell: Ignition
 61757 | Snake:4  | Reached skill level 10 in Dodging
 62451 | Snake:4  | Noticed Vashnia
 62455 | Snake:4  | Killed Vashnia
 62794 | Snake:4  | Reached XP level 19. HP: 96/96 MP: 21/52
 63043 | Snake:4  | Got a serpentine rune of Zot
 63553 | Shoals:1 | Entered Level 1 of the Shoals
 63706 | Shoals:1 | Reached skill level 5 in Earth Magic
 63796 | Shoals:1 | Found Opnungow's Book Boutique.
 63802 | Shoals:1 | Found Qaariddu's Weapon Shop.
 64419 | Shoals:1 | Found Boikul's Jewellery Emporium.
 65958 | Shoals:2 | Noticed Ilsuiw
 65964 | Shoals:2 | Killed Ilsuiw
 67276 | Shoals:3 | Noticed Polyphemus
 67280 | Shoals:3 | Killed Polyphemus
 67551 | Shoals:4 | Entered Level 4 of the Shoals
 67572 | Shoals:4 | Paralysed by an air elemental for 1 turns
 67725 | Shoals:4 | Reached skill level 15 in Fire Magic
 67777 | Shoals:4 | Identified the +2 short sword of Kismet {flame, rN+}
 68301 | Shoals:4 | Found a stormy altar of Qazlal.
 68775 | Shoals:4 | Paralysed by an air elemental for 1 turns
 69039 | Shoals:4 | Got a barnacled rune of Zot
 69690 | Vaults:1 | Entered Level 1 of the Vaults
 69822 | Vaults:1 | Identified the +2 mace of Indignation {speed, rC+}
 69870 | Vaults:1 | Found a magical portal.
 69885 | WizLab   | Entered The Chambers of the Cloud Mage
 69891 | WizLab   | Paralysed by an air elemental for 1 turns
 69955 | WizLab   | Reached XP level 20. HP: 69/101 MP: 18/53
 70027 | WizLab   | Paralysed by you for 3 turns
 70586 | WizLab   | Identified the ring "Dagiuret" {Fly Slay+2}
 71436 | Vaults:1 | Found Tuytun's Antique Weapon Shoppe.
 71487 | Vaults:1 | You are sucked into a shaft and drop 1 floor!
 73274 | Vaults:2 | Found Luaroeje's Magic Scroll Shop.
 74141 | Vaults:2 | Found a staircase to the Crypt.
 75137 | Vaults:2 | Reached XP level 21. HP: 105/105 MP: 41/54
 76853 | Vaults:3 | Noticed Jory
 76864 | Vaults:3 | Killed Jory
 80459 | Vaults:4 | Found Zenyneni's Magic Scroll Shoppe.
 80479 | Vaults:4 | Bought a scroll of enchant armour for 97 gold pieces
 80479 | Vaults:4 | Bought a scroll of enchant armour for 97 gold pieces
 80479 | Vaults:4 | Bought a scroll of enchant armour for 97 gold pieces
 81045 | Vaults:5 | Entered Level 5 of the Vaults
 81048 | Vaults:5 | Reached skill level 5 in Fighting
 81053 | Vaults:5 | Noticed a golden dragon
 81062 | Vaults:5 | Reached XP level 22. HP: 107/115 MP: 33/55
 81062 | Vaults:5 | Killed a golden dragon
 81071 | Vaults:5 | Noticed an ancient lich
 81076 | Vaults:5 | Killed an ancient lich
 81366 | Vaults:5 | Noticed a golden dragon
 81789 | Vaults:5 | Killed a golden dragon
 82817 | Vaults:5 | Reached skill level 15 in Dodging
 84313 | Vaults:5 | Identified the +6 scale mail of Jipuov {Int-4 Dex+3}
 84624 | Vaults:5 | Identified the ring "Erphuprua" {EV+4 Dex+3}
 84807 | Vaults:5 | Identified the +3 long sword of Discord {flame, rC+ Will+
                  | Dex+3}
 84845 | Vaults:5 | Identified the ring "Efeupp" {rElec rPois Int+7}
 85138 | Vaults:5 | Got a silver rune of Zot
 85339 | Vaults:5 | Found the -2 hat of the Alchemist {rElec rPois rF+ rC+ rN+
                  | Will+ rMut rCorr}
 85669 | Vaults:5 | Found Kuops's General Store.
 85953 | D:14     | Bought a smoking leather armour for 217 gold pieces
 85953 | D:14     | Identified the +3 leather armour "Beuduuse" {Contam Regen+
                  | Dex+4} (You bought it in a shop on level 14 of the Dungeon)
 85953 | D:14     | Bought a heavily runed scale mail for 279 gold pieces
 85953 | D:14     | Identified the +2 scale mail "Kirchedui" {Drain rF+ Str+3}
                  | (You bought it in a shop on level 14 of the Dungeon)
 85957 | D:14     | Bought a glowing tower shield for 232 gold pieces
 87001 | Crypt:1  | Entered Level 1 of the Crypt
 87019 | Crypt:1  | Reached skill level 1 in Shields
 87494 | Crypt:1  | Identified the +8 long sword "joshe's Foe" {distort, rElec
                  | Dex+3 SInv}
 88007 | Crypt:1  | Found a runed translucent gate.
 88024 | Crypt:1  | Found a runed translucent gate.
 88025 | Crypt:1  | Found a runed translucent gate.
 88041 | Crypt:1  | Reached skill level 5 in Shields
 88045 | Crypt:1  | Reached XP level 23. HP: 103/120 MP: 56/56
 88807 | Crypt:2  | Reached skill level 1 in Staves
 89037 | Crypt:2  | Found an ancient bone altar of Kikubaaqudgha.
 89423 | Crypt:3  | Entered Level 3 of the Crypt
 89629 | Crypt:3  | Reached skill level 10 in Ice Magic
 90869 | Crypt:3  | Found a staircase to the Tomb.
 91369 | Crypt:3  | Found a basalt altar of Yredelemnul.
 91422 | Crypt:3  | HP: 6/120 [juggernaut simulacrum[a curse skull] (26)]
 92080 | Crypt:3  | Identified the ring "Owyigouf" {rC+ rN+ Dex+3}
 92080 | Crypt:3  | Identified the amulet "Kull" {Regen+ MP+9 Str-3 Int+3}
 92080 | Crypt:3  | Identified the ring of Boogh {rF+ rN+ Str-5 Int+3}
 92344 | Crypt:3  | Identified the +4 whip of Zuin Gud {flame, rC+ rN+ Str+3}
 92355 | Crypt:3  | Identified the +2 great mace of Edwe {spect, rElec rPois
                  | rC- rN+++}
 93159 | Slime:1  | Lost mutation: You tend to lose your temper in combat.
                  | [potion of mutation]
 93159 | Slime:1  | Gained mutation: Your magical capacity is low. (-10% MP)
                  | [potion of mutation]
 93159 | Slime:1  | Gained mutation: You have sharp toenails. [potion of
                  | mutation]
 93159 | Slime:1  | Gained mutation: You have a beak for a mouth. [potion of
                  | mutation]
 93160 | Slime:1  | Lost mutation: You have sharp toenails. [potion of
                  | mutation]
 93160 | Slime:1  | Lost mutation: You have a beak for a mouth. [potion of
                  | mutation]
 93160 | Slime:1  | Gained mutation: You are dopey. (Int -2) [potion of
                  | mutation]
 93160 | Slime:1  | Gained mutation: You expend magic power (3 MP) to
                  | strengthen your wands. [potion of mutation]
 93160 | Slime:1  | Gained mutation: You have a pair of small horns on your
                  | head. [potion of mutation]
 93161 | Slime:1  | Lost mutation: You are dopey. (Int -2) [potion of mutation]
 93161 | Slime:1  | Lost mutation: You have a pair of small horns on your head.
                  | [potion of mutation]
 93161 | Slime:1  | Lost mutation: You expend magic power (3 MP) to strengthen
                  | your wands. [potion of mutation]
 93161 | Slime:1  | Gained mutation: Your mind is acute. (Int +2) [potion of
                  | mutation]
 93161 | Slime:1  | Gained mutation: You sometimes lose the ability to read
                  | scrolls when taking damage. [potion of mutation]
 93161 | Slime:1  | Gained mutation: You have hidden genetic defects. [potion
                  | of mutation]
 93162 | Slime:1  | Lost mutation: Your mind is acute. (Int +2) [potion of
                  | mutation]
 93162 | Slime:1  | Lost mutation: You sometimes lose the ability to read
                  | scrolls when taking damage. [potion of mutation]
 93162 | Slime:1  | Gained mutation: Your spells are a little harder to cast,
                  | but a little more powerful. [potion of mutation]
 93162 | Slime:1  | Gained mutation: You are strong-willed. (Will+) [potion of
                  | mutation]
 93162 | Slime:1  | Gained mutation: Your natural rate of healing is unusually
                  | fast. [potion of mutation]
 94955 | Slime:5  | Entered Level 5 of the Pits of Slime
 94983 | Slime:5  | Noticed the Royal Jelly
 94986 | Slime:5  | Killed the Royal Jelly
 94987 | Slime:5  | Reached XP level 24. HP: 124/124 MP: 9/50
 96231 | Slime:5  | Identified the +7 war axe "Ezozoj" {flame, rElec Dex+5}
 96248 | Slime:5  | Got a slimy rune of Zot
 96261 | Slime:5  | Identified the ring of Curuoghe {rPois Will+ Dex+6}
 96396 | Slime:5  | Noticed Dissolution
 96404 | Slime:5  | Killed Dissolution
 97069 | Depths:1 | Entered Level 1 of the Depths
 98261 | Depths:1 | Found a runed translucent gate.
 98261 | Depths:1 | Found a runed translucent gate.
 98262 | Depths:1 | Found a runed translucent gate.
 98266 | Depths:1 | Identified the +11 scimitar of the Open Hand {freeze, Dex+4
                  | SInv}
 98266 | Depths:1 | Identified the amulet of Zofotyu {Reflect rPois Dex+10
                  | Slay-3 SH+5}
 98268 | Depths:1 | Noticed Dameikh's ghost (veteran FoFi)
 98446 | Depths:1 | Reached skill level 15 in Ice Magic
 98759 | Depths:1 | Acquired 933 gold pieces
 99032 | Depths:1 | Gained mutation: You tend to lose your temper in combat.
                  | [hidden defects]
 99038 | Depths:1 | Lost mutation: Your magical capacity is low. (-10% MP)
                  | [potion of mutation]
 99038 | Depths:1 | Lost mutation: Your spells are a little harder to cast, but
                  | a little more powerful. [potion of mutation]
 99038 | Depths:1 | Lost mutation: You are strong-willed. (Will+) [potion of
                  | mutation]
 99038 | Depths:1 | Lost mutation: You tend to lose your temper in combat.
                  | [potion of mutation]
 99038 | Depths:1 | Gained mutation: You expend magic power (3 MP) to
                  | strengthen your wands. [potion of mutation]
 99350 | Depths:1 | Found a gateway to Hell.
 99614 | Depths:1 | Killed Dameikh's ghost
100330 | Depths:2 | Found Zopijuaxy's Changing Room.
100349 | Depths:2 | Bought a potion of mutation for 152 gold pieces
100349 | Depths:2 | Bought a potion of mutation for 152 gold pieces
100789 | Depths:2 | Found Nodai's Assorted Antiques.
100827 | Depths:2 | Noticed Sojobo
100835 | Depths:2 | Killed Sojobo
101020 | Depths:2 | Found a glowing golden altar of the Shining One.
101293 | Depths:2 | Found a one-way gate leading to the halls of Pandemonium.
101675 | Depths:2 | Found a one-way gate to the infinite horrors of the Abyss.
101765 | Depths:3 | Reached skill level 10 in Shields
102042 | Depths:3 | Found a snail-covered altar of Cheibriados.
102145 | Depths:3 | Found a one-way gateway to a ziggurat.
102296 | Depths:3 | Reached skill level 5 in Armour
102828 | Depths:3 | Noticed a juggernaut
102829 | Depths:3 | Reached XP level 25. HP: 128/128 MP: 38/56
102831 | Depths:3 | Killed a juggernaut
102914 | Depths:3 | Identified the +9 short sword of the Lost Interlopers
                  | {vorpal, +Blink}
102916 | Depths:3 | Identified the +6 mace of Yesterday {venom, Str+7 Int-2
                  | Dex+4}
102917 | Depths:3 | Identified the +8 war axe "Kangaiqu" {drain, Drain Int+6
                  | Dex+5}
103702 | Depths:4 | Entered Level 4 of the Depths
103702 | Depths:4 | Found Tecodiuh's Assorted Antiques.
103711 | Depths:4 | Bought a potion of haste for 530 gold pieces
103711 | Depths:4 | Bought a scroll of blinking for 397 gold pieces
103748 | Depths:4 | Noticed a juggernaut
103783 | Depths:4 | Killed a juggernaut
104942 | Depths:4 | Reached skill level 15 in Shields
105799 | Depths:4 | Found a gate to the Realm of Zot.
106097 | Zot:1    | Entered Level 1 of the Realm of Zot
108345 | Zot:2    | Gained mutation: You are clumsy. (Dex -2) [hidden defects]
108345 | Zot:2    | Lost mutation: You have hidden genetic defects. [hidden
                  | defects expressed]
110077 | Zot:3    | Noticed a dread lich
110103 | Zot:3    | Reached XP level 26. HP: 71/134 MP: 46/56
110245 | Zot:2    | Blown up by a spellforged servitor

Illustrated notes

Levels and vault maps discovered:
D:1:      minmay_arrival_glassed_features, layout_basic,
          hellmonk_ecumenical_altar_blasted
D:2:      layout_rooms, uniq_terence
D:3:      layout_basic, hangedman_feature_mirror, grunt_ministairs_6,
          minmay_misc_feat_plants, kennysheep_doodads, uniq_robin
D:4:      layout_basic, gammafunk_temple_overflow_elements,
          overflow_temple_1_default, minmay_temple_entry_from_below_a
D:5:      layout_basic, mainiacjoe_overflow_surrounded_room,
          nicolae_shop_firing_range
D:6:      layout_loops_cross, okawaru_ov_weapons_minmay,
          mainiacjoe_overflow_alcove_2, elyvilon_altar_5,
          lexackson_kobold_supper
D:7:      layout_loops_ring, ashenzari_conservatory_becter,
          mainiacjoe_overflow_catch_the_wave, uniq_maggie,
          uniq_crazy_yiuf_cottage
D:8:      layout_rooms, mainiacjoe_overflow_brackets, uniq_erica
D:9:      layout_roguey, amcnicky_altar_gilded,
          eino_small_chamber_without_monster, minmay_variable_closet,
          uniq_erolcha, uniq_grum
D:10:     layout_roguey, nicolae_uskayaw_en_pointe, erik_lair_dragon,
          hiddenorc1_lemuel, uniq_snorg
D:11:     layout_rooms, serial_shops, shop, nicolae_stop_n_shop_2, shop,
          shop_fountains, portal_ice_cave_entry_pillars_1
D:12:     layout_irregular_city, minivault_1
D:13:     layout_basic
D:14:     layout_loops_ring, david_vaults_2, lemuel_coloured_pillars_altar,
          serial_shops, nicolae_shop_hallway_stairs, shop, uniq_kirke,
          uniq_agnes
D:15:     grunt_enter_depths_hoard, layout_irregular_city, serial_bayou_pond_e,
          minmay_fractal_squares_5
Temple:   jpeg_temple_island
Lair:1:   beast_lair_carwin_large_2, layout_regular_city,
          chequers_serial_rivers_room_a
Lair:2:   layout_long_grid, st_stairs_4
Lair:3:   layout_regular_city, guppyfry_snake_entry_garden,
          kennysheep_catoblepas_arena, uniq_prince_ribbit2
Lair:4:   nzn_winding_woodlands_large [nzn_winding_woodlands_5x5_closed_star,
          nzn_winding_woodlands_5x15_crooked,
          nzn_winding_woodlands_5x5_perimeter,
          nzn_winding_woodlands_center_diamonds,
          nzn_winding_woodlands_15x15_eel_pit,
          nzn_winding_woodlands_center_pierced_h,
          nzn_winding_woodlands_hourglass, nzn_winding_woodlands_5x15_jagged,
          nzn_winding_woodlands_5x5_cross], layout_gridlike, shoals_dummy_entry,
          serial_bayou_shore_b
Lair:5:   layout_regular_city, nicolae_slime_entry_slimehenge,
          ebering_ghost_funeral_grove, grunt_megastairs_1
Lair:6:   minmay_lair_end_frog_pond, layout_long_grid,
          infiniplex_staircase_pool_2, uniq_sonja, uniq_urug
Shoals:1: layout_shoals, serial_shops, nicolae_shop_hallway_plus,
          nicolae_shop_bloodbath_and_beyond, shop_statue, overgrown_statue
Shoals:2: layout_shoals, uniq_ilsuiw
Shoals:3: layout_shoals, uniq_polyphemus
Shoals:4: shoals_end_hellmonk_storm_palace [storm_palace_center_circular,
          storm_palace_corner_blocked, storm_palace_corner_reverse_hut,
          storm_palace_corner_altar, storm_palace_corner_reverse_hut]
Snake:1:  layout_honeycomb, uniq_aizul, uniq_mlioglotl, uniq_roxanne
Snake:2:  nicolae_snake_hallway, layout_onion_interference, serial_bayou_shore_a
Snake:3:  layout_chambers, nicolae_specific_store, drop_trap,
          nicolae_shop_gadgets, minmay_shop_grove
Snake:4:  johnstein_snake_rune_scales, layout_misc_corridors,
          grunt_megastairs_3, uniq_vashnia
Slime:1:  layout_caves
Slime:2:  layout_caves
Slime:3:  layout_caves
Slime:4:  layout_caves
Slime:5:  uniq_dissolution
Orc:1:    layout_caves, serial_shops, nicolae_shop_advertising_works
          [nicolae_subvault_shop_adworks], basic_altar
Orc:2:    st_orc_pillars, layout_caves, minmay_orc_temple_c
Elf:1:    layout_rooms, serial_co_window_serial, co_window_paths_a,
          co_window_paths_a, co_window_paths_b, co_window_paths_a,
          co_window_paths_b, co_window_corner_a, co_window_corner_cb,
          co_window_2corner, co_window_2corner, co_window_2corner,
          co_window_corner_b, co_window_corner_b, co_window_paths_c,
          co_window_4corner_b, glass_columns_b, glass_columns_b,
          glass_columns_a, glass_columns_a, lemuel_flame_loot_1, uniq_donald,
          uniq_jorgrun
Elf:2:    nicolae_elf_blades_crystal_corner, layout_rooms
Elf:3:    elf_hall, layout_onion_city, drop_trap, einodemon_crawler_minivault
Vaults:1: infiniplex_enter_wizlab_glasses, vaults_room_large_hall, v_pattern_4,
          st_squares, v_alt_pattern_5, v_misc_33, ontoclasm_vaults_hangar,
          grunt_vaults_diagonal, hangedman_vaults_stretched_pinwheel,
          vaults_room_pools, vaults_dpeg_doors, nicolae_vaults_border_crossing,
          v_misc_1, vaults_dpeg_encased_lava, nicolae_vaults_little_squares_5,
          nicolae_vaults_little_squares_4, layout_vaults_maze, serial_shops,
          nicolae_shop_stone
Vaults:2: v_alt_pattern_2, nicolae_vaults_meeting,
          minmay_crypt_entry_skeletal_spiral, grunt_vaults_funnel,
          nicolae_vaults_windows_and_doors_thing, v_misc_10,
          nicolae_vaults_alarming, v_misc_33, grunt_vaults_hallway_short,
          nicolae_vaults_little_squares_2, nicolae_vaults_little_squares_2,
          ontoclasm_vaults_loading_screen, layout_vaults_omnicross,
          serial_shops, shop
Vaults:3: nicolae_vaults_disjoint_gnomons, v_misc_25, hangedman_vaults_slice,
          nicolae_vaults_ring_of_whatevers, vaults_room_semicircle,
          vaults_room_fours, v_pattern_3, layout_vaults_omnigrid, uniq_jory
Vaults:4: v_alt_pattern_3, vaults_standard_mumra_lines,
          nicolae_vaults_little_squares_4, v_misc_30,
          nicolae_vaults_ninety_degrees, ontoclasm_vaults_shuriken,
          nicolae_vaults_asterisk, v_misc_2, hangedman_vaults_trim, v_misc_2,
          layout_vaults_ring, serial_shops, shop
Vaults:5
Crypt:1:  layout_rooms, minivault_4, pandoras_box_mu
Crypt:2:  layout_rooms, basic_altar
Crypt:3:  church_of_pain_bobbens, layout_chaotic_city,
          nicolae_tomb_entry_unfolded_pyramid_orthogonal
Depths:1: layout_basic, pf_hell_entry_tar_spiral,
          chequers_serial_rivers_small_a, gammafunk_ghost_split,
          minmay_swirly_circle, grunt_megastairs_4
Depths:2: abrahamwl_protected_by_tso_3, layout_basic,
          abyss_entry_small_statue_room, rand_demon_pan_entry_5, serial_shops,
          nicolae_lakefront_shop, small_statue_intersection, hell_entry,
          nicolae_transmutations_shop, uniq_sojobo
Depths:3: giant_chief_lemuel, layout_long_grid, enter_ziggurat_f, abyss_entry,
          hell_entry, lemuel_crystal_altar, grunt_pan_entry_spiral,
          roderic_lattice_octagonal_star, uniq_margery
Depths:4: grunt_zot_entry_pinwheel, layout_gridville, hellmouth_3,
          hangedman_decor_peaks_small, serial_shops, nicolae_square_shop,
          serial_bayou_shore_b, serial_bayou_shore_b
Zot:1:    layout_twisted_circle, grunt_ministairs_12
Zot:2:    layout_gridlike
Zot:3:    hangedman_snap_crack_crunch, layout_onion_interference,
          evilmike_ambush [evilmike_ambush_outer_pillars,
          evilmike_ambush_inner_pond]

Skill      XL: |  1  2  3  4  5  6  7  8  9 10 11 12 13 14 15 16 17 18 19 20 21 22 23 24 25 |
---------------+----------------------------------------------------------------------------+-----
Conjurations   | 5 6 7 9 10 14 15 17 20 21 22 | 22.0
Spellcasting   | 4 5 6 9 10 11 13 16 18 20 23 25 27 | 27.0
Dodging        | 3 5 6 10 11 18 | 18.0
Hexes          | 3 4 6 9 11 13 14 15 16 | 16.0
Translocations | 2 3 4 |  4.3
Ice Magic      | 3 4 5 6 7 8 13 16 18 | 18.0
Stealth        | 3 4 |  4.0
Evocations     | 3 4 6 |  6.0
Armour         | 2 3 5 |  5.0
Summonings     | 4 5 6 8 10 | 10.0
Fighting       | 3 5 |  5.0
Fire Magic     | 3 6 8 10 12 17 18 21 22 | 22.0
Air Magic      | 4 |  4.0
Earth Magic    | 4 6 9 |  9.1
Shields        | 5 6 12 16 | 16.0
Staves         | 4 |  4.0

Action                   |  1- 3 |  4- 6 |  7- 9 | 10-12 | 13-15 | 16-18 | 19-21 | 22-24 | 25-27 || total
-------------------------+-------+-------+-------+-------+-------+-------+-------+-------+-------++-------
Melee: Dagger            |       |       |     2 |       |       |       |       |       |       ||     2
       Staff             |       |       |     1 |    14 |     1 |       |       |     4 |     3 ||    23
       Trident           |       |       |       |       |       |     1 |    23 |       |       ||    24
 Cast: Magic Dart        |    67 |    44 |    32 |    17 |   182 |    46 |    12 |    20 |    24 ||   444
       Searing Ray       |     6 |    11 |     9 |    18 |    73 |    18 |     6 |     7 |     2 ||   150
       Fulminant Prism   |       |    22 |    57 |   143 |   237 |   142 |     9 |    16 |    26 ||   652
       Iskenderun's Myst |       |       |     4 |    49 |   101 |    32 |    78 |    55 |    21 ||   340
       Ensorcelled Hiber |       |       |     2 |     7 |       |       |       |       |       ||     9
       Summon Ice Beast  |       |       |     5 |    22 |     8 |     5 |     3 |     2 |       ||    45
       Confusing Touch   |       |       |       |     1 |     1 |       |       |       |       ||     2
       Summon Mana Viper |       |       |       |     1 |     2 |     1 |     1 |       |       ||     5
       Flame Wave        |       |       |       |     4 |     8 |       |       |       |       ||    12
       Iskenderun's Batt |       |       |       |       |   122 |    32 |   133 |   131 |    56 ||   474
       Freezing Cloud    |       |       |       |       |     6 |   136 |    16 |    15 |    26 ||   199
       Orb of Destructio |       |       |       |       |    16 |    83 |    38 |    68 |    52 ||   257
       Spellforged Servi |       |       |       |       |       |   198 |   106 |   144 |    62 ||   510
       Lee's Rapid Decon |       |       |       |       |       |   119 |   116 |   121 |    63 ||   419
       Conjure Ball Ligh |       |       |       |       |       |     1 |       |       |       ||     1
       Fireball          |       |       |       |       |       |     2 |   313 |   350 |    37 ||   702
       Ignition          |       |       |       |       |       |       |    21 |    36 |    12 ||    69
Evoke: Wand              |       |       |     2 |     7 |     2 |     3 |     2 |     7 |     7 ||    30
       Box of beasts     |       |       |       |     1 |       |       |     1 |     1 |       ||     3
       Phantom mirror    |       |       |       |       |     1 |       |       |       |       ||     1
       Lightning rod     |       |       |       |       |       |       |     2 |       |       ||     2
  Use: Scroll            |     3 |     4 |     2 |    13 |    11 |     8 |     3 |    13 |     1 ||    58
       Potion            |       |       |     5 |     3 |     2 |     4 |     9 |     7 |     1 ||    31
Armor: Robe              |       |     1 |     3 |       |       |    14 |    26 |    13 |       ||    57
       Skin              |       |       |    11 |       |       |       |       |       |       ||    11
       Acid dragon scale |       |       |     2 |    41 |    16 |       |       |       |       ||    59
       Ring mail         |       |       |       |       |       |       |       |     1 |     5 ||     6
       Quicksilver drago |       |       |       |       |       |       |       |       |     8 ||     8
Dodge: Dodged            |     5 |     6 |    12 |   127 |    49 |   109 |   125 |    53 |    25 ||   511
Block: Kite shield       |       |       |       |       |       |       |       |    59 |    42 ||   101
       Reflection        |       |       |       |       |       |       |       |     7 |     8 ||    15
